 Dungeon Crawl Stone Soup version 0.30-a0-779-g7971cf19c3 (webtiles) character file.

Game seed: 10351580704586294509

2248 jimonade the Basher (level 9, -6/89 HPs)
             Began as an Ogre Warper on Feb 16, 2023.
             Was a Follower of Okawaru.
             Mangled by a killer bee (8 damage)
             ... on level 7 of the Dungeon on Feb 17, 2023.
             The game lasted 00:29:26 (10150 turns).

jimonade the Basher (Ogre Warper)                  Turns: 10150, Time: 00:29:27

Health: -6/89      AC:  7    Str: 19    XL:     9   Next: 37%
Magic:  13/13      EV: 11    Int: 14    God:    Okawaru [*.....]
Gold:   296        SH:  0    Dex: 10    Spells: 7/14 levels left

rFire   . . .      SeeInvis .    a - +1 mace (freeze)
rCold   . . .      Faith    .    (no shield)
rNeg    + . .      Spirit   .    b - +0 robe
rPois   .          Reflect  .    (helmet restricted)
rElec   .          Harm     .    (no cloak)
rCorr   .          Rampage  .    (gloves unavailable)
Will    .....                    (boots unavailable)
Stlth   ++                       i - amulet of magic regeneration
HPRegen 0.34/turn                E - ring of positive energy
MPRegen 0.53/turn                u - +4 ring of protection

@: lethally poisoned (-6 -> -7)
A: large, unfitting armour, tough skin 1
a: Renounce Religion, Heroism


You were on level 7 of the Dungeon.
You worshipped Okawaru.
Okawaru was aware of your devotion.
You visited 2 branches of the dungeon, and saw 8 of its levels.
You also visited: Sewer.

You collected 296 gold pieces.

Inventory:

Hand Weapons
 a - a +1 mace of freezing (weapon)
 y - a +0 flail
 G - a +0 giant club
 J - a +2 dagger of venom
 M - a +0 mace of holy wrath
Missiles
 d - 7 boomerangs of dispersal
 m - 25 poisoned darts (quivered)
 r - 40 stones
 K - a curare-tipped dart
Armour
 b - a +0 robe (worn)
 p - an orb of mayhem
Jewellery
 e - a ring of protection from cold
 h - a ring of fire
 i - an amulet of magic regeneration (around neck)
 u - a +4 ring of protection (right hand)
 E - a ring of positive energy (left hand)
Wands
 z - a wand of acid (4)
 H - a wand of charming (5)
 L - a wand of iceblast (8)
Scrolls
 c - 2 scrolls of blinking
 g - 2 scrolls of immolation
 w - a scroll of magic mapping
 A - a scroll of teleportation
 C - 2 scrolls of enchant weapon
 I - a scroll of fog
Potions
 f - 5 potions of mutation
 j - a potion of ambrosia {unknown}
 k - 2 potions of berserk rage
 l - 2 potions of lignification {unknown}
 n - 4 potions of heal wounds
 o - 3 potions of might {unknown}
 q - 5 potions of curing {unknown}
 s - 2 potions of flight {unknown}
 t - a potion of experience {unknown}
 v - 3 potions of haste {unknown}
 x - 2 potions of magic {unknown}
 B - a potion of invisibility {unknown}
 D - 2 potions of attraction {unknown}
 F - a potion of brilliance {unknown}


   Skills:
 + Level 6.0 Fighting
 * Level 8.5 Maces & Flails
 + Level 1.0 Throwing
 + Level 4.7 Dodging
 + Level 1.9 Stealth
 + Level 3.0 Spellcasting
 * Level 4.4 Translocations


You had 7 spell levels left.
You knew the following spells:

 Your Spells              Type           Power      Damage    Failure   Level
a - Blink                 Tloc           28%        N/A       4%          2
b - Lesser Beckoning      Tloc           28%        N/A       4%          2
c - Teleport Other        Tloc           14%        N/A       10%         3

Your spell library contained the following spells:

 Spells                   Type           Power      Damage    Failure   Level
 Vhi's Electric Charge    Tloc/Air       16%        N/A       26%         3
 Sublimation of Blood     Necr           2%         N/A       32%         2
 Manifold Assault         Tloc           14%        N/A       32%         4
 Hailstorm                Conj/Ice       2%         3d3       54%         3
 Inner Flame              Hex/Fire       2%         N/A       54%         3
 Flame Wave               Conj/Fire      2%         2d4       91%         4
 Ice Form                 Ice/Tmut       2%         N/A       91%         4
 Petrify                  Tmut/Erth      2%         N/A       91%         4
 Sticky Flame             Conj/Fire      2%         2d3       91%         4
 Irradiate                Conj/Tmut      1%         3d12      99%         5
 Simulacrum               Ice/Necr       Unusable   N/A       N/A         6

Dungeon Overview and Level Annotations

Branches:
Dungeon (7/15)             Temple (1/1) D:6           Sewer (visited)

Altars:
Ashenzari
Cheibriados
Dithmenos
Elyvilon
Fedhas
Gozag
Hepliaklqana
Kikubaaqudgha
Makhleb
Okawaru
Qazlal
Sif Muna
Trog
Uskayaw
Vehumet
Xom
Yredelemnul
Zin

Portals:
Ossuary: D:7

Annotations:
D:3 exclusion: downstairs
D:4 3 runed translucent doors, Beavis's ghost, weakling DsHu; Sigmund
D:5 1 runed translucent door, Crazy Yiuf


Innate Abilities, Weirdness & Mutations

You are too large for most types of armour.
You have tough skin. (AC +1)


Message History

The orc warrior hits you with a +1 mace of protection.
The killer bee closely misses you.
The killer bee attacks as you move away!
The killer bee barely misses you. x2
A goblin zombie comes into view.
Found a sand-covered staircase.
The killer bee stings you but does no damage.
The killer bee attacks as you move away!
The killer bee misses you. The goblin zombie closely misses you.
The killer bee stings you!
You sock the goblin zombie!
The goblin zombie is severely damaged.
The killer bee stings you.
You are poisoned.
The killer bee poisons you!
The goblin zombie hits you but does no damage.
The killer bee stings you.
* * * LOW HITPOINT WARNING * * *
You hit the goblin zombie but do no damage.
The goblin zombie is severely damaged.
You feel sick. The killer bee barely misses you.
A goblin zombie comes into view.
The orc priest invokes the aid of Beogh against you.
Beogh smites you!
* * * LOW HITPOINT WARNING * * *
The goblin zombie barely misses you. The killer bee misses you.
You sock the goblin zombie!
You destroy the goblin zombie!
You feel sick. The killer bee barely misses you.
The orc priest miscasts a cantrip.
The killer bee stings you.
* * * LOW HITPOINT WARNING * * *
The killer bee attacks as you move away!
The killer bee barely misses you.
* * * LOW HITPOINT WARNING * * *
You feel sick. The killer bee barely misses you.
You closely miss the goblin zombie.
* * * LOW HITPOINT WARNING * * *
You feel sick. The killer bee stings you!
You die...

*,, ****** ******* *,,
,,,,,*************,,,,,* *,,
,,,,,#........,,,,,,,*,* *,,
,,..,#.......#######,*,*********,
,,...#.......#..∩..*,*,,,,,,,* *,
,,...#...)...#,...,*,,,*,,,,*****
,,...........#,#Z#,*,***,,,**~~~~
**#.......^..#,#@#,*,***,,**~~~,,
,,...........###y###...,,**~~~,~,
**,**#.......o.o.....#****~~~,,,~
**,**###.o.######....# **~~~,~,~,
**,,,,*#.#.....#*....#**~~~,,,~,⌠
,,,**,*#.#####.##....#*~~~,~,~,~,
**,,,,##o#####..#....#*~~,,,~,,,~
,*,,,,#$y)..y..........,,~,~,~,~,
***,,,#.o......o......',,,~,⌠,~,⌠


You could see an orc warrior, a killer bee and a goblin zombie.

Vanquished Creatures
  A water moccasin (D:7)
  Duvessa (D:5)
  A sky beast (D:7)
  An ice beast (D:5)
  3 ogres
  2 centaurs
  4 kobold brigands
  4 necrophages
  2 bullfrogs (D:7)
  A scorpion (D:5)
  Dowan (D:5)
  2 jellies
  4 hounds
  An orc priest (D:7)
  Natasha (twice) (D:2)
  An iguana (D:5)
  Ijyb (D:5)
  15 adders
  9 river rats
  2 white imps
  2 ufetubi (D:5)
  7 worms
  6 dart slugs
  7 orcs
  6 bats
  8 endoplasms
  4 goblins
  6 hobgoblins
  15 kobolds
  3 quokkas
  16 ball pythons
  4 frilled lizards
  A goblin zombie (D:7)
  11 rats
154 creatures vanquished.

Notes
Turn   | Place    | Note
-------+----------+-------------------------------------------
     0 | D:1      | jimonade the Ogre Warper began the quest for the Orb.
     0 | D:1      | Reached XP level 1. HP: 22/22 MP: 3/3
   106 | D:1      | Reached XP level 2. HP: 25/29 MP: 5/5
   360 | D:1      | Reached skill level 2 in Maces & Flails
   360 | D:1      | Reached XP level 3. HP: 34/36 MP: 6/6
   389 | D:1      | Learned a level 2 spell: Blink
   392 | D:1      | Learned a level 2 spell: Lesser Beckoning
   910 | D:2      | Reached XP level 4. HP: 35/44 MP: 7/7
  1184 | D:2      | Reached skill level 3 in Maces & Flails
  1297 | D:2      | Noticed Natasha
  1314 | D:2      | Killed Natasha
  1315 | D:2      | Reached XP level 5. HP: 26/53 MP: 9/9
  1634 | D:2      | Found a blossoming altar of Fedhas.
  1798 | D:2      | Noticed Natasha
  1804 | D:2      | Killed Natasha
  2170 | D:3      | Found a glowing drain.
  2185 | Sewer    | Entered a sewer
  2275 | Sewer    | Reached skill level 4 in Maces & Flails
  2325 | Sewer    | Upgraded the game from 0.30-a0-778-g2ef04afb54 to
                  | 0.30-a0-779-g7971cf19c3
  2368 | Sewer    | Noticed a kobold brigand
  2393 | Sewer    | Killed a kobold brigand
  2394 | Sewer    | Reached XP level 6. HP: 32/62 MP: 10/10
  3195 | Sewer    | Reached skill level 5 in Maces & Flails
  3195 | Sewer    | Reached XP level 7. HP: 34/71 MP: 11/11
  3755 | D:3      | Found a faded altar of an unknown god.
  3755 | D:3      | Noticed a golden eye
  3759 | D:3      | Noticed an eye of devastation
  3759 | D:3      | Noticed an eye of devastation
  4551 | D:4      | Noticed Sigmund
  4915 | D:4      | Found a runed translucent gate.
  4966 | D:4      | Noticed Beavis's ghost (weakling DsHu)
  4967 | D:4      | Found a runed translucent gate.
  4968 | D:4      | Found a runed translucent gate.
  5120 | D:5      | Entered Level 5 of the Dungeon
  5190 | D:5      | Reached skill level 6 in Maces & Flails
  5190 | D:5      | Reached skill level 1 in Stealth
  5241 | D:5      | Noticed Dowan
  5252 | D:5      | Noticed Duvessa
  5269 | D:5      | Killed Duvessa
  5270 | D:5      | Reached XP level 8. HP: 79/79 MP: 12/12
  5410 | D:5      | Killed Dowan
  5411 | D:5      | Reached skill level 5 in Fighting
  6442 | D:5      | Learned a level 3 spell: Teleport Other
  6912 | D:5      | Noticed Ijyb
  7138 | D:5      | Reached skill level 7 in Maces & Flails
  7531 | D:5      | Killed Ijyb
  7537 | D:5      | Found a runed translucent door.
  7538 | D:5      | Noticed Crazy Yiuf
  7999 | D:6      | Identified the +0 ring mail of Muttered Phrases {Contam rN+
                  | SInv}
  8596 | D:6      | Found a staircase to the Ecumenical Temple.
  8602 | Temple   | Entered the Ecumenical Temple
  8797 | Temple   | Became a worshipper of Warmaster Okawaru
  9062 | D:6      | Reached XP level 9. HP: 80/89 MP: 13/13
  9317 | D:5      | Reached skill level 8 in Maces & Flails
  9822 | D:7      | Reached * piety under Okawaru
 10144 | D:7      | Found a sand-covered staircase.
 10148 | D:7      | HP: 3/89 [killer bee (5)]
 10150 | D:7      | Mangled by a killer bee

Illustrated notes

Levels and vault maps discovered:
D:1:      ncdulo_wetmaze, layout_rooms
D:2:      layout_basic, basic_altar, uniq_natasha
D:3:      layout_loops_cross, lightli_sewer_entry_pipes,
          hellmonk_ecumenical_altar_watching_god
D:4:      layout_gridville, biasface_ghost_orc_armoury, uniq_sigmund,
          uniq_pargi, uniq_blork_the_orc
D:5:      minmay_skewed_foursquare, layout_loops_ring, uniq_crazy_yiuf_cottage,
          uniq_duvessa, uniq_ijyb
D:6:      layout_rooms, minmay_temple_entry_waves
D:7:      layout_basic, enter_ossuary_4, kennysheep_cluttered_room
Temple:   eino_narrow_crystal_temple

Skill      XL: |  1  2  3  4  5  6  7  8  9 |
---------------+----------------------------+-----
Translocations | 3 4 |  4.4
Maces & Flails | 2 3 4 5 6 7 8 |  8.5
Spellcasting   | 3 |  3.0
Fighting       | 3 4 5 6 |  6.0
Dodging        | 3 4 |  4.7
Stealth        | 1 |  1.9
Throwing       | |  1.0

Action                     |  1- 3 |  4- 6 |  7- 9 || total
---------------------------+-------+-------+-------++-------
  Melee: Mace              |   119 |   220 |   487 ||   826
         Punch             |     1 |     1 |     6 ||     8
  Throw: Dart              |       |     1 |       ||     1
   Cast: Lesser Beckoning  |     3 |     2 |       ||     5
         Blink             |       |       |     1 ||     1
    Use: Scroll            |       |     4 |     8 ||    12
         Potion            |       |       |     1 ||     1
   Stab: Sleeping          |       |       |     6 ||     6
 Armour: Robe              |    48 |    62 |   208 ||   318
  Dodge: Dodged            |    90 |   100 |   315 ||   505

Table legend: (Time is in decaauts)
 A = Elapsed time spent in this place.
 B = Non-inter-level travel time spent in this place.
 C = Inter-level travel time spent in this place.
 D = Time resting spent in this place.
 E = Time spent auto-exploring this place.
 F = Levels seen in this place.
 G = Mean time per level.
                   A        B        C        D        E       F      G
               +--------+--------+--------+--------+--------+-----+--------+
         Total |  10307 |   9931 |    376 |   2974 |   3987 |   9 | 1145.2 |
       Dungeon |   8875 |   8532 |    343 |   2376 |   3628 |   7 | 1267.9 |
        Temple |    210 |    177 |     33 |      0 |    165 |   1 |  210.0 |
         Sewer |   1220 |   1220 |      0 |    598 |    194 |   1 | 1220.0 |
               +--------+--------+--------+--------+--------+-----+--------+

Top non-repeatable levels by time:
     D:5: 2956 daAuts
     D:4: 1238 daAuts
     D:6: 1228 daAuts
   Sewer: 1220 daAuts
     D:2: 1180 daAuts
     D:3: 1089 daAuts
     D:1: 972 daAuts
     D:7: 211 daAuts
  Temple: 210 daAuts
